 Dungeon Crawl Stone Soup version 0.17.1-3-g152610e (webtiles) character file.

1692 Qrupt the Slicer (level 9, -1/61 HPs)
             Began as a Halfling Fighter on Apr 11, 2016.
             Slain by an ogre
             ... wielding a +0 giant club
              (17 damage)
             ... on level 9 of the Dungeon.
             The game lasted 00:35:12 (7748 turns).

Qrupt the Slicer (Halfling Fighter)                 Turns: 7748, Time: 00:35:12

Health: -1/61      AC:  9    Str: 19    XL:     9   Next: 22%
Magic:  9/9        EV: 10    Int:  7    God:
Gold:   158        SH: 10    Dex: 18    Spells: 0 memorised, 8 levels left

rFire  . . .     SeeInvis .     a - +0 rapier
rCold  . . .     Clarity  .     s - +0 ring mail
rNeg   . . .     SustAt   +     c - +0 shield
rPois  .         Gourm    .     e - +0 helmet
rElec  .         Spirit   .     (no cloak)
rCorr  .         Warding  .     l - +0 pair of gloves
rMut   .         Stasis   .     w - +0 pair of boots {run}
MR     .....                    u - amulet of rage
Stlth  +.........               f - ring of sustain attributes
                                p - +4 ring of dexterity

@: quick, not resistant to hostile enchantments, very unstealthy
A: mutation resistance 1
a: Evoke Berserk Rage


You were on level 9 of the Dungeon.
You were hungry.

You visited 1 branch of the dungeon, and saw 7 of its levels.

You collected 158 gold pieces.

Inventory:

Hand Weapons
 a - a +0 rapier (weapon)
Armour
 b - a +0 scale mail
 c - a +0 shield (worn)
 e - a +0 helmet (worn)
 i - a +0 plate armour
 l - a +0 pair of gloves (worn)
 s - a +0 ring mail (worn)
 w - a +0 pair of boots of running (worn)
Jewellery
 f - a ring of sustain attributes (right hand)
 h - an uncursed ring of magical power {unknown}
 m - an uncursed ring of wizardry {unknown}
 p - a +4 ring of dexterity (left hand)
 r - an uncursed ring of invisibility
 u - an amulet of rage (around neck)
Wands
 A - a wand of frost (0)
 C - a wand of flame (0)
Scrolls
 j - a scroll of fear
 k - 5 scrolls of remove curse
 q - 3 scrolls of enchant armour
 x - 5 scrolls of immolation
Potions
 g - a potion of brilliance {unknown}
 z - 2 potions of cure mutation
 B - a potion of magic
Books
 t - a book of Summonings

   Spells                             Type                      Level
   a - Recall                         Summoning/Translocation      3
   b - Aura of Abjuration             Summoning                    5
   c - Shadow Creatures               Summoning                    5
   d - Summon Demon                   Summoning                    5
   e - Summon Forest                  Summoning/Translocation      5
   f - Summon Mana Viper              Hexes/Summoning              5
Comestibles
 d - a bread ration
 v - a meat ration


   Skills:
 - Level 5.5 Fighting
 + Level 12.3 Short Blades
 - Level 4.1 Armour
 - Level 3.2 Shields


You had 8 spell levels left.
You didn't know any spells.

Dungeon Overview and Level Annotations

Branches:
Dungeon (9/15)
 Temple: D:4-7         Lair: D:8-11         Orc: D:9-12

Altars:
Elyvilon
Gozag
Zin

Shops:
D:5 *

Annotations:
D:3 Natasha
D:4 Blackbelt's ghost, amateur DsGl
D:6 1 runed door
D:9 Erica


Innate Abilities, Weirdness & Mutations

You are small and have problems with some larger weapons.
You are somewhat resistant to further mutation.


Message History

The ogre shouts!
You puncture the ogre!
The ogre is moderately wounded.
The ogre hits you with a giant club.
You closely miss the ogre.
The ogre is moderately wounded.
The ogre hits you with a giant club!
* * * LOW HITPOINT WARNING * * *
You hit the ogre.
The ogre is heavily wounded.
You hit the ogre.
The ogre is severely wounded.
The ogre hits you with a giant club.
* * * LOW HITPOINT WARNING * * *
You hit the ogre.
The ogre is almost dead.
You hit the ogre but do no damage.
The ogre is almost dead.
The ogre hits you with a giant club!
You die...

#.....#######
......## #.. ####...
#.# ####.# #... .
#....# #.#. ...
#.######Z.... ....#
#.##......##o
#.....######......###
..
#.....@.....##..... .
# #....O######.......
. # ....... ....... .
...#..# ##...## .#
#.. ...# #.# ... ..
.. #..


You could see an ogre.

Vanquished Creatures
  Sigmund (D:6)
  Menkaure (D:4)
  A black bear (D:6)
  An ice beast (D:6)
  3 ogres (D:4)
  A centaur (D:5)
  A phantom (D:4)
  An orc warrior (D:6)
  2 scorpions (D:5)
  A wight (D:6)
  3 crimson imps (D:5)
  A hound (D:5)
  5 orc priests
  3 worker ants (D:5)
  4 orc wizards
  3 gnolls
  5 adders
  2 shadow imps (D:5)
  A worm (D:3)
  15 orcs
  A ball python (D:3)
  2 giant cockroaches
  7 goblins
  2 hobgoblins (D:1)
  5 jackals
  8 kobolds
  A quokka (D:2)
  2 bats (D:1)
  A giant gecko (D:6)
  3 giant gecko skeletons
  5 giant newts
  A jackal zombie (D:4)
  A quokka skeleton (D:6)
  5 rats
99 creatures vanquished.

Notes
Turn   | Place    | Note
--------------------------------------------------------------
     0 | D:1      | Qrupt the Halfling Fighter began the quest for the Orb.
     0 | D:1      | Reached XP level 1. HP: 15/15 MP: 1/1
   158 | D:1      | Reached XP level 2. HP: 20/20 MP: 2/2
   313 | D:1      | Reached skill level 4 in Short Blades
   610 | D:1      | Reached XP level 3. HP: 25/25 MP: 3/3
   701 | D:2      | Identified a +0 pair of boots of running (You found it on level 2 of the Dungeon)
  1123 | D:3      | Found a white marble altar of Elyvilon.
  1219 | D:3      | Reached skill level 5 in Short Blades
  1346 | D:3      | Reached XP level 4. HP: 21/30 MP: 4/4
  1896 | D:3      | Reached XP level 5. HP: 32/35 MP: 5/5
  2440 | D:3      | Found an opulent altar of Gozag.
  2440 | D:3      | Found a glowing silver altar of Zin.
  2440 | D:3      | Noticed Natasha
  2506 | D:3      | Noticed a water moccasin
  2781 | D:4      | Noticed Menkaure
  3164 | D:4      | Killed Menkaure
  3164 | D:4      | Reached XP level 6. HP: 17/44 MP: 6/6
  3300 | D:4      | Noticed an ogre
  3330 | D:4      | Reached skill level 5 in Fighting
  3330 | D:4      | Reached XP level 7. HP: 40/50 MP: 7/7
  3546 | D:4      | Killed an ogre
  3791 | D:4      | Noticed Blackbelt's ghost (amateur DsGl)
  4550 | D:5      | Entered Level 5 of the Dungeon
  4557 | D:5      | Noticed a steam dragon
  4658 | D:5      | Reached skill level 6 in Short Blades
  4978 | D:4      | Reached skill level 7 in Short Blades
  5113 | D:4      | Reached skill level 8 in Short Blades
  5113 | D:4      | Reached XP level 8. HP: 43/56 MP: 8/8
  5765 | D:5      | Reached skill level 9 in Short Blades
  5877 | D:5      | Found Heamam's General Store.
  6311 | D:6      | Reached skill level 10 in Short Blades
  6962 | D:6      | Reached skill level 11 in Short Blades
  7267 | D:6      | Reached XP level 9. HP: 61/61 MP: 9/9
  7326 | D:6      | Noticed Sigmund
  7339 | D:6      | Killed Sigmund
  7347 | D:6      | Found a runed door.
  7476 | D:6      | Reached skill level 12 in Short Blades
  7571 | D:6      | You fall through a shaft for 3 floors!
  7571 | D:9      | Noticed Erica
  7748 | D:9      | Slain by an ogre

Action                   |  1- 3 |  4- 6 |  7- 9 || total
-------------------------+-------+-------+-------++-------
Melee: Rapier            |   123 |   114 |   403 ||   640
 Abil: Evoke Berserk Rag |       |     1 |     5 ||     6
Evoke: Wand              |       |     4 |     7 ||    11
  Use: Scroll            |       |    10 |    10 ||    20
       Potion            |       |     5 |     2 ||     7
  Eat: Chunk             |       |     5 |     6 ||    11
       Fruit             |       |     3 |     2 ||     5
       Bread ration      |       |       |     1 ||     1
       Meat ration       |       |       |     1 ||     1
